 Dungeon Crawl Stone Soup version 0.16-a0-327-gbff0e38 (webtiles) character file.

148 Ratboiler the Insei (level 5, -3/33 HPs)
             Began as an Octopode Transmuter on Sept 5, 2014.
             Slain by Edmund
             ... wielding a +4 flail of protection
              (13 damage)
             ... on Level 4 of the Dungeon.
             The game lasted 00:08:41 (4426 turns).

Ratboiler the Insei (Octopode Transmuter)           Turns: 4426, Time: 00:08:41

HP  -3/33        AC  3     Str  9      XL: 5   Next: 30%
MP   7/9         EV 20     Int 15      God:
Gold 157         SH  0     Dex 22      Spells:  3 memorised,  2 levels left

rFire  . . .     SeeInvis .       - Unarmed
rCold  . . .     Clarity  .     (shield currently unavailable)
rNeg   . . .     rCorr    .     (helmet currently unavailable)
rPois  x         rRot     .     (no amulet)
rElec  .         Spirit   .     A - +1 ring of protection
SustAb +         Warding  .     l - ring of sustain abilities
rMut   .         Stasis   .     v - +3 ring of dexterity
Gourm  .                        (no ring)
MR     .....                    (no ring)
                                (no ring)
                                (no ring)
                                (no ring)

@: spider-form (expiring), drained, not resistant to hostile enchantments,
unstealthy
A: almost no armour, amphibious, 8 rings, (constrict 8), (camouflage 0),
(gelatinous body 0)
a: End Transformation


You were on level 4 of the Dungeon.
You were not hungry.
You were in spider-form.
You visited 1 branch of the dungeon, and saw 4 of its levels.

You collected 157 gold pieces.

Inventory:

Hand weapons
 c - a +0 blowgun
 y - a +2 dagger of draining
Missiles
 b - 12 arrows
 f - a throwing net (quivered)
 m - 20 poisoned needles
Magical devices
 k - a wand of magic darts (0)
Comestibles
 a - a bread ration
 h - a royal jelly
 o - 4 meat rations
 D - a rotting chunk of rat flesh
 F - 2 chunks of goblin flesh
Scrolls
 g - a scroll of blinking {unknown}
 i - 2 scrolls of amnesia {unknown}
 j - a scroll of enchant armour {unknown}
 n - 4 scrolls of remove curse {unknown}
 q - a scroll of enchant weapon {unknown}
 r - a scroll of recharging {unknown}
 s - 4 scrolls of identify {unknown}
 w - a scroll of teleportation {unknown}
 E - a scroll of noise {unknown}
Jewellery
 l - a ring of sustain abilities (right front leg)
 v - a +3 ring of dexterity (on tentacle)
 A - a +1 ring of protection (left front leg)
Potions
 e - a potion of curing {unknown}
 p - a potion of cancellation {unknown}
 t - a potion of resistance {unknown}
 u - a potion of poison {unknown}
 x - a potion of restore abilities {unknown}
 B - 2 potions of heal wounds {unknown}
 C - a potion of haste {unknown}
Books
 d - a book of Changes

   Spells                             Type                      Level
   *Beastly Appendage                 Transmutation                1
   *Sticks to Snakes                  Transmutation                2
   *Spider Form                       Transmutation/Poison         3
   Ice Form                           Ice/Transmutation            4
   Blade Hands                        Transmutation                5
 z - a book of Hinderance

   Spells                             Type                      Level
   Confusing Touch                    Hexes                        2
   Confuse                            Hexes                        3
   Petrify                            Transmutation/Earth          4
   Leda's Liquefaction                Hexes/Earth                  4
   Metabolic Englaciation             Hexes/Ice                    5
   Summon Mana Viper                  Hexes/Summoning              5


   Skills:
 - Level 1.0(0.7) Fighting
 - Level 2.0(1.7) Dodging
 + Level 4.3(4.0) Unarmed Combat
 - Level 2.0(1.7) Spellcasting
 + Level 4.2(3.9) Transmutations


You had 2 spell levels left.
You knew the following spells:

 Your Spells              Type           Power        Failure   Level  Hunger
a - Beastly Appendage     Trmt           ##....       17%         1    ##.....
b - Sticks to Snakes      Trmt           ##........   24%         2    ###....
c - Spider Form           Trmt/Pois      #.........   56%         3    ####...


Dungeon Overview and Level Annotations

Branches:
Dungeon (4/15)
 Temple: D:4-7

Altars:

Annotations:
D:4 Edmund


Innate Abilities, Weirdness & Mutations

You cannot wear most types of armour.
You are amphibious.
You can wear up to eight rings at the same time.
((You can use your tentacles to constrict many enemies at once.))
((Your skin changes colour to match your surroundings (Stealth).))
((Your rubbery body absorbs attacks (AC +1).))


Message History

You hit Edmund but do no damage.
Edmund is lightly wounded.
Edmund misses you.
You barely miss Edmund.
Edmund is lightly wounded.
Your transformation is almost over.
Edmund hits you with a runed flail!
* * * LOW HITPOINT WARNING * * *
You hit Edmund but do no damage.
Edmund is moderately wounded.
Edmund closely misses you.
You hit Edmund but do no damage.
Edmund is moderately wounded.
You hit Edmund but do no damage.
Edmund looks even sicker.
Edmund is moderately wounded.
Edmund closely misses you.
You hit Edmund.
Edmund is heavily wounded.
Edmund hits you with a runed flail!
You die...

##<## ##.##
#.## ##..#
########...#
##.........##
#...####..##
#<.## ##..#
##s# #..# #@#
##.# #.# ##
##.## ##...#
#(...####
#..##....##
...## ##....#
#.# #....#


You could see Edmund.

Vanquished Creatures
  Ijyb (D:3)
  Terence (D:3)
  4 adders
  A worm (D:3)
  7 giant geckos
  5 oozes
  An orc (D:2)
  12 bats
  8 goblins
  6 hobgoblins
  A ball python (D:3)
  6 giant cockroaches
  3 giant newts
  8 kobolds
  7 rats
71 creatures vanquished.

Notes
Turn   | Place    | Note
--------------------------------------------------------------
     0 | D:1      | Ratboiler, the Octopode Transmuter, began the quest for the Orb.
     0 | D:1      | Reached XP level 1. HP: 13/13 MP: 3/3
   251 | D:1      | Reached XP level 2. HP: 12/18 MP: 2/4
   353 | D:1      | Learned a level 2 spell: Sticks to Snakes
   833 | D:1      | Reached XP level 3. HP: 19/23 MP: 6/6
  1689 | D:2      | Reached XP level 4. HP: 25/28 MP: 5/7
  1695 | D:2      | Learned a level 3 spell: Spider Form
  1770 | D:2      | Reached skill level 4 in Unarmed Combat
  2453 | D:3      | Noticed Terence
  2475 | D:3      | Killed Terence
  3169 | D:3      | Noticed Ijyb
  3171 | D:3      | Reached XP level 5. HP: 33/33 MP: 9/9
  3791 | D:3      | Killed Ijyb
  4401 | D:4      | Noticed Edmund
  4426 | D:4      | Slain by Edmund

Action                   |  1- 3 |  4- 6 || total
-------------------------+-------+-------++-------
Melee: Unarmed           |   103 |    89 ||   192
 Cast: Beastly Appendage |    10 |     6 ||    16
       Spider Form       |       |     3 ||     3
 Stab: Sleeping          |     5 |     4 ||     9
  Eat: Chunk             |     3 |       ||     3
       Bread ration      |       |     2 ||     2
       Pizza             |       |     1 ||     1
